 Dungeon Crawl Stone Soup version 0.31-a0-1537-g69dc257577 (webtiles) character file.

Game seed: 17294455816459489560

159 GenialerGandalf the Chopper (level 5, -2/47 HPs)
             Began as a Hill Orc Fighter on Dec 31, 2023.
             Slain by a two-headed ogre
             ... wielding a +0 giant spiked club
              (6 damage)
             ... on level 5 of the Dungeon on Jan 1, 2024.
             The game lasted 00:06:21 (2127 turns).

GenialerGandalf the Chopper (Hill Orc Fighter)      Turns: 2127, Time: 00:06:22

Health: -2/47      AC:  8    Str: 21    XL:     5   Next: 40%
Magic:  5/5        EV:  9    Int:  8    God:
Gold:   166        SH:  4    Dex: 10    Spells: 4/4 levels left

rFire   . . .        a - +0 war axe
rCold   . . .        c - +0 buckler
rNeg    . . .        b - +1 scale mail
rPois   .            (no helmet)
rElec   .            (no cloak)
rCorr   .            (no gloves)
SInv    .            (no boots)
Will    .....        (no amulet) Stlth
                     (no ring)
HPRegen 0.27/turn    (no ring)
MPRegen 0.09/turn

%: no passive effects
@: no status effects
A: no striking features
a: no special abilities


You were on level 5 of the Dungeon.
You visited 1 branch of the dungeon, and saw 5 of its levels.

You collected 166 gold pieces.

Inventory:

Hand Weapons
 a - a +0 war axe (weapon)
Armour
 b - a +1 scale mail (worn)
 c - a +0 buckler (worn)
Jewellery
 f - a ring of resist corrosion
Scrolls
 e - a scroll of poison {unknown}
 g - a scroll of identify {unknown}
 i - a scroll of noise {unknown}
 j - a scroll of immolation
 k - a scroll of blinking
 m - a scroll of silence {unknown}
 n - a scroll of enchant armour
 o - a scroll of enchant weapon {unknown}
Potions
 d - a potion of might
 h - a potion of brilliance {unknown}
 l - 2 potions of curing {unknown}
 p - a potion of lignification {unknown}
 q - a potion of ambrosia {unknown}


   Skills:
 * Level 4.5 Fighting
 * Level 4.9 Axes
 * Level 4.2 Armour
 * Level 4.1 Shields


You had 4 spell levels left.
You didn't know any spells.
Your spell library contained the following spells:

 Spells                   Type           Power      Damage    Failure   Level
 Summon Forest            Summ/Tloc      0%         N/A       100%        5
 Eringya's Noxious Bog    Alch           0%         4d6       100%        6
 Summon Hydra             Summ           0%         N/A       100%        7


Dungeon Overview and Level Annotations

Branches:
Dungeon (5/15)
 Temple: D:4-7

Altars:
Okawaru

Annotations:
D:2 1 runed translucent door, Crazy Yiuf


Message History

You are too injured to fight recklessly!
You are too injured to fight recklessly!
You are too injured to fight recklessly!
Unknown command.
You are too injured to fight recklessly!
You hit the hound.
You kill the hound!
Found 12 gold pieces.
A hound comes into view.
The hound barks!
The hound bites you.
You slash the hound!
The hound is moderately wounded.
The hound barely misses you. The hound bites you but does no damage.
You hit the hound.
The hound is heavily wounded.
The hound bites you but does no damage. x2
You closely miss the hound.
The hound is heavily wounded.
The hound closely misses you. You block the hound's attack.
You closely miss the hound.
The hound is heavily wounded.
The hound bites you. The hound bites you but does no damage.
You miss the hound.
The hound is heavily wounded.
The hound bites you but does no damage. x2
You barely miss the hound.
The hound is heavily wounded.
The hound closely misses you.
A two-headed ogre comes into view.
It is wielding two +0 giant spiked clubs.
You hit the two-headed ogre.
The two-headed ogre is lightly wounded.
A dart slug comes into view.
The two-headed ogre barely misses you.
The two-headed ogre hits you with a +0 giant spiked club!
* * * LOW HITPOINT WARNING * * *
You hit the two-headed ogre.
The two-headed ogre is lightly wounded.
The two-headed ogre hits you with a +0 giant spiked club.
You die...

..# #.#. .. ..#.#
#.#.#.#. .... #.#.#
#.#.#.#.# .....+#.#.#
#.#.#.#$#
....#.#.#.#.#.#.#.#
....#.#.#.#.#.#.#
#.#.#.#.#.#.#w#
##.#.#.#.#.#O#
#.#.#.#.#.#@#
#######.#.#.#.#.#.#
.....#.#.#.#.#.#.#.#
.....##.#.#.#.#.#.#.#
...[.#.#.#[#.#.#.#.#.#
.....'#.#[#.#.#.#.#.#.#
.....#.#.#.#.#.#.#.#.#.#
......#.#.#.#.#.#. #.#.
######.#.#.#.#.#. #.


You could see a two-headed ogre and a dart slug.

Vanquished Creatures
  A howler monkey (D:5)
  A hound (D:5)
  4 adders
  A dart slug (D:2)
  An orc (D:4)
  A bat (D:2)
  2 endoplasms (D:1)
  3 giant cockroaches
  A goblin (D:2)
  6 hobgoblins
  2 jackals (D:1)
  8 kobolds
  2 quokkas
  6 ball pythons
  4 frilled lizards
  6 rats
49 creatures vanquished.

Notes
Turn   | Place    | Note
-------+----------+-------------------------------------------
     0 | D:1      | GenialerGandalf the Hill Orc Fighter began the quest for
                  | the Orb.
     0 | D:1      | Reached XP level 1. HP: 19/19 MP: 1/1
    76 | D:1      | Reached XP level 2. HP: 27/27 MP: 2/2
   356 | D:1      | Reached XP level 3. HP: 27/33 MP: 3/3
   651 | D:2      | Found an iron altar of Okawaru.
   981 | D:2      | Found a runed translucent door.
   982 | D:2      | Noticed Crazy Yiuf
  1031 | D:2      | Reached XP level 4. HP: 39/40 MP: 4/4
  1966 | D:5      | Entered Level 5 of the Dungeon
  2116 | D:5      | Reached XP level 5. HP: 19/47 MP: 5/5
  2126 | D:5      | Noticed a two-headed ogre
  2127 | D:5      | Slain by a two-headed ogre

Illustrated notes

Levels and vault maps discovered:
D:1:      lemuel_arrival_muddy, layout_basic
D:2:      layout_rooms, basic_altar, minmay_cupped, uniq_crazy_yiuf_cottage
D:3:      layout_loops_ring, chequers_serial_rivers_small_3
D:4:      layout_gridville, old_standard_altar, serial_shops, shop
D:5:      layout_basic, minmay_temple_entry_grid

Skill      XL: |  1  2  3  4 |
---------------+-------------+-----
Axes           | 3 4 |  4.9
Fighting       | 4 |  4.5
Armour         | 4 |  4.2
Shields        | 4 |  4.1

Action                     |  1- 3 |  4- 6 || total
---------------------------+-------+-------++-------
  Melee: War axe           |    94 |    52 ||   146
    Use: Scroll            |     1 |     3 ||     4
 Armour: Scale mail        |    63 |    64 ||   127
  Dodge: Dodged            |    40 |    23 ||    63
  Block: Buckler           |    18 |    15 ||    33

Table legend: (Time is in decaauts)
 A = Elapsed time spent in this place.
 B = Non-inter-level travel time spent in this place.
 C = Inter-level travel time spent in this place.
 D = Time resting spent in this place.
 E = Time spent auto-exploring this place.
 F = Levels seen in this place.
 G = Mean time per level.
                   A        B        C        D        E       F      G
               +--------+--------+--------+--------+--------+-----+--------+
         Total |   2182 |   2157 |     25 |     65 |   1662 |   5 |  436.4 |
       Dungeon |   2182 |   2157 |     25 |     65 |   1662 |   5 |  436.4 |
               +--------+--------+--------+--------+--------+-----+--------+

Top non-repeatable levels by time:
     D:3: 750 daAuts
     D:2: 662 daAuts
     D:1: 590 daAuts
     D:5: 166 daAuts
     D:4: 13 daAuts
